 Dungeon Crawl Stone Soup version 0.31-a0-851-g7ff8af7976 (webtiles) character file.

Game seed: 10066620156934397720

0 javelincjr the Magician (level 1, 0/11 HPs)
             Began as an Octopode Hedge Wizard on Oct 5, 2023.
             Was a Follower of Kikubaaqudgha.
             Slain by a goblin
             ... wielding a +0 dagger
              (3 damage)
             ... on level 1 of the Dungeon.
             The game lasted 00:00:41 (72 turns).

javelincjr the Magician (Octopode Hedge Wizard)       Turns: 72, Time: 00:00:42

Health: 0/11       AC:  1    Str:  9    XL:     1   Next: 10%
Magic:  4/4        EV: 13    Int: 16    God:    Kikubaaqudgha [*.....]
Gold:   0          SH:  0    Dex: 11    Spells: 5/6 levels left

rFire   . . .        a - +0 dagger
rCold   . . .        (no shield)
rNeg    . . .        b - +0 hat
rPois   .            (no amulet)
rElec   .            (no ring)
rCorr   .            (no ring)
SInv    .            (no ring)
Will    .....        (no ring)
Stlth   +++          (no ring)
HPRegen 0.21/turn    (no ring)
MPRegen 0.09/turn    (no ring)
                     (no ring)

%: no passive effects
@: no status effects
A: almost no armour, amphibious, 8 rings, camouflage 1, gelatinous body 1,
(nimble swimmer 1), tentacles
a: Renounce Religion, Unearth Wretches


You were on level 1 of the Dungeon.
You worshipped Kikubaaqudgha.
Kikubaaqudgha was aware of your devotion.
You visited 1 branch of the dungeon, and saw 1 of its levels.

Inventory:

Hand Weapons
 a - a +0 dagger (weapon)
Missiles
 d - 3 poisoned darts
Armour
 b - a +0 hat (worn)
Potions
 c - a potion of magic


   Skills:
 + Level 2.0 Dodging
 + Level 2.7 Stealth
 + Level 3.0 Spellcasting
 + Level 1.0 Conjurations
 + Level 1.0 Summonings
 + Level 1.0 Translocations


You had 5 spell levels left.
You knew the following spells:

 Your Spells              Type           Power      Damage    Failure   Level
a - Magic Dart            Conj           20%        1d4       12%         1

Your spell library contained the following spells:

 Spells                   Type           Power      Damage    Failure   Level
 Necrotise                Necr           8%         1d4       19%         1
 Slow                     Hex            8%         N/A       19%         1
 Blink                    Tloc           10%        N/A       19%         2
 Call Imp                 Summ           10%        N/A       19%         2
 Cigotuvi's Dreadful Rot  Necr/Pois/Air  4%         N/A       28%         2
 Mephitic Cloud           Conj/Pois/Air  3%         N/A       43%         3
 Vampiric Draining        Necr           2%         2d6       50%         3
 Animate Dead             Necr           2%         N/A       88%         4


Dungeon Overview and Level Annotations

Branches:
Dungeon (1/15)

Altars:
Kikubaaqudgha


Innate Abilities, Weirdness & Mutations

You cannot wear most types of armour.
You are amphibious.
You can wear up to eight rings at the same time.
Your skin changes colour to match your surroundings (Stealth+).
Your rubbery body absorbs attacks. (AC +1, EV +1)
((You are camouflaged when in or above water. (Stealth+)))
You have tentacles for arms and can constrict up to eight enemies at once.


Message History

Kikubaaqudgha accepts your prayer! Kikubaaqudgha welcomes you!
You can now bring forth the wretched and dying.
Kikubaaqudgha grants you a gift!
You add the spells Necrotise, Vampiric Draining and Animate Dead to your library.
There are no items here.
Okay, then.
You open the door. You open the door. You open the door. You open the door.
There is an open door here.
You open the door.
There is an open door here.
Found a stone staircase leading down.
A goblin and a ball python come into view.
The goblin shouts!
You hear an angry hiss.
The ball python hisses angrily.
There are monsters nearby!
A dart slug and a frilled lizard come into view.
The dart slug launches a dart at you. The slug dart hits you.
You completely miss the ball python. You grab the ball python.
You constrict the ball python. The ball python bites you.
The ball python closely misses you.
You are too injured to fight recklessly!
You are too injured to fight recklessly!
You are too injured to fight recklessly!
You are too injured to fight recklessly!
Unknown command.
You are too injured to fight recklessly!
You are too injured to fight recklessly!
You are too injured to fight recklessly!
You hit the ball python.
You kill the ball python!
Kikubaaqudgha accepts your kill. The goblin hits you with a +0 dagger.
* * * LOW HITPOINT WARNING * * *
Found an escape hatch in the floor.
The goblin hits you with a +0 dagger.
You die...
Kikubaaqudgha rasps: "You have failed me!
Welcome... death!"

.... >.... ...... ....
### ... .... #####.#
..... .......###.....
..... #..@wl.....
......#####..g......
............###.:##
#......>..............#
.....# #..######.#.#..#
#.#..# #...#####.#+#..##
#....###.#.#............
......................##
...###.++'++.........#


You could see a dart slug, a goblin and a frilled lizard.

Vanquished Creatures
  A ball python (D:1)
1 creature vanquished.

Notes
Turn   | Place    | Note
-------+----------+-------------------------------------------
     0 | D:1      | javelincjr the Octopode Hedge Wizard began the quest for
                  | the Orb.
     0 | D:1      | Reached XP level 1. HP: 11/11 MP: 4/4
    48 | D:1      | Found a faded altar of an unknown god.
    51 | D:1      | Prayed at the altar of an unknown god.
    51 | D:1      | Became a worshipper of Kikubaaqudgha
    51 | D:1      | Reached * piety under Kikubaaqudgha
    51 | D:1      | Received a gift from Kikubaaqudgha
    72 | D:1      | Slain by a goblin

Illustrated notes

Levels and vault maps discovered:
D:1:      mushboom_english_gardens, layout_basic,
          hellmonk_ecumenical_altar_heavens_door

Action                     || total
---------------------------++-------
  Melee: Dagger            ||     2
         Constrict         ||     1
 Armour: Skin              ||     4
  Dodge: Dodged            ||     1

Table legend: (Time is in decaauts)
 A = Elapsed time spent in this place.
 B = Non-inter-level travel time spent in this place.
 C = Inter-level travel time spent in this place.
 D = Time resting spent in this place.
 E = Time spent auto-exploring this place.
 F = Levels seen in this place.
 G = Mean time per level.
                   A        B        C        D        E       F      G
               +--------+--------+--------+--------+--------+-----+--------+
         Total |     72 |     72 |      0 |      0 |     48 |   1 |   72.0 |
       Dungeon |     72 |     72 |      0 |      0 |     48 |   1 |   72.0 |
               +--------+--------+--------+--------+--------+-----+--------+

Top non-repeatable levels by time:
     D:1: 72 daAuts
